cohdb
Replays
Latest Replays
All Replays
Popular Replays
Top Player Replays
Match Explorer
How It Works
Community
CoH3 Stats
Reddit
Sign in to upload your games and track your stats! →
Sign in with Steam
Match 41900514
Unlisted
Match 41900514
Overview
Messages
Build Orders
End
Construct Section Command Post
Selects Heavy Armor Battlegroup
Infantry Section
Infantry Section
Dingo Light Scout Car
ML 3-inch Mortar Team
Construct Platoon Command Post
Selects Rigorous Vehicle Training
Unlock M3 Stuart Light Tanks
Vickers Machine Gun Team
M3 Stuart Light Tank
Infantry Section
Construct Field Infirmary
Selects Forward Repair Assembly
Infantry Training
M3 Stuart Light Tank
M3 Stuart Light Tank
Infantry Section
Selects Churchill Black Prince Heavy Tank
Churchill Black Prince Heavy Tank
Royal Engineer Section
Selects Light Vehicle Withdraw and Refit
Selects Radio Net
Radio Net
Construct Company Command Post
Dullahan
Window Shopping
0
0
Comments
sign in to comment!
No comments posted yet!